PCL
NEW ORLEANS ZEPHYRS @ NASHVILLE SOUNDS
08/24/2098
 
TOP OF THE 1ST
New Orleans Zephyrs batting - Pitching for Nashville Sounds : RHP Mario Rodriguez
Pitching: RHP Mario Rodriguez
Batting: LHB Moises Aguirre 0-0: Bunt missed!
0-1: Ball
1-1: Ball
2-1: Swinging Strike
2-2: Foul Ball, location: 7LDF
2-2: Foul Ball, location: 2F
2-2: Ball
3-2: Ground out U3 (Groundball, 3, EV 78.1 MPH)
Batting: RHB Justin McGuire 0-0: Foul Ball, location: 3F
0-1: Swinging Strike
0-2: Strikes out swinging
Batting: RHB Willie Amaro 0-0: SINGLE (Flyball, 78S, EV 105.6 MPH)
Batting: RHB Josh Cole 0-0: Called Strike
0-1: Foul Ball, location: 25F
0-2: Strikes out looking
Top of the 1st over - 0 runs, 1 hit, 0 errors, 1 left on base; New Orleans 0 - Nashville 0
BOTTOM OF THE 1ST
Nashville Sounds batting - Pitching for New Orleans Zephyrs : LHP Jose Monreal
Pitching: LHP Jose Monreal
Batting: LHB Chris West 0-0: Called Strike
0-1: Swinging Strike
0-2: Ball
1-2: Strikes out swinging
Batting: LHB Mike Lucas 0-0: Swinging Strike
0-1: Swinging Strike
0-2: Strikes out swinging
Batting: LHB Steve Tocci 0-0: Ball
1-0: Foul Ball, location: 23F
1-1: Foul Ball, location: 2F
1-2: SINGLE (Line Drive, 9LS, EV 101.9 MPH)
Batting: SHB Danny Jaworski 0-0: Ball
1-0: Swinging Strike
1-1: Ball
2-1: Ball
3-1: Base on Balls
Steve Tocci to second
Batting: RHB Parker Sanburn Jr. 0-0: Foul Ball, location: 2RF
0-1: Ball
1-1: SINGLE (Groundball, 34D, EV 103.8 MPH)
Steve Tocci to third
Danny Jaworski to second
Runner from 3rd tries for Home, SAFE, throw by RF to home
Batting: SHB Aaron Champion 0-0: Foul Ball, location: 9LMF
0-1: 3-RUN HOME RUN (Flyball, 78XD, EV 101.9 MPH), Distance : 392 ft
Batting: RHB Joe Crafts 0-0: Ball
1-0: Foul Ball, location: 2F
1-1: Swinging Strike
1-2: Strikes out swinging
Bottom of the 1st over - 4 runs, 3 hits, 0 errors, 0 left on base; New Orleans 0 - Nashville 4
TOP OF THE 2ND
New Orleans Zephyrs batting - Pitching for Nashville Sounds : RHP Mario Rodriguez
Batting: LHB Jason Strong 0-0: Ground out 5-3 (Groundball, 5, EV 87.5 MPH)
Batting: LHB Gareth Adams 0-0: Ball
1-0: Ball
2-0: Ball
3-0: Called Strike
3-1: Called Strike
3-2: Ground out 6-3 (Groundball, 6MS, EV 87.5 MPH)
Batting: RHB Jose Alegria 0-0: Fly out, F7 (Line Drive, 7D, EV 96.9 MPH)
Top of the 2nd over - 0 runs, 0 hits, 0 errors, 0 left on base; New Orleans 0 - Nashville 4
BOTTOM OF THE 2ND
Nashville Sounds batting - Pitching for New Orleans Zephyrs : LHP Jose Monreal
Batting: RHB Linhart Springer 0-0: Ball
1-0: Ground out 5-3 (Groundball, 5D, EV 105.0 MPH)
Batting: RHB Kyle Parrish 0-0: Swinging Strike
0-1: Called Strike
0-2: Strikes out swinging
Batting: LHB Chris West 0-0: Called Strike
0-1: Ball
1-1: Ball
2-1: Fly out, F5 (Popup, 5S, EV 77.5 MPH)
Bottom of the 2nd over - 0 runs, 0 hits, 0 errors, 0 left on base; New Orleans 0 - Nashville 4
TOP OF THE 3RD
New Orleans Zephyrs batting - Pitching for Nashville Sounds : RHP Mario Rodriguez
Batting: RHB Tyler Ebert 0-0: Foul Ball, location: 23F
0-1: Ball
1-1: Called Strike
1-2: Ball
2-2: Strikes out swinging
Batting: RHB Bobby Palomo 0-0: Swinging Strike
0-1: Ball
1-1: Swinging Strike
1-2: Strikes out looking
Batting: LHB Moises Aguirre 0-0: Ground out 4-3 (Groundball, 4S, EV 80.0 MPH)
Top of the 3rd over - 0 runs, 0 hits, 0 errors, 0 left on base; New Orleans 0 - Nashville 4
BOTTOM OF THE 3RD
Nashville Sounds batting - Pitching for New Orleans Zephyrs : LHP Jose Monreal
Batting: LHB Mike Lucas 0-0: Ball
1-0: Swinging Strike
1-1: Foul Ball, location: 2F
1-2: Foul Ball, location: 7LMFF
1-2: Strikes out looking
Batting: LHB Steve Tocci 0-0: Ball
1-0: Foul Ball, location: 3FF
1-1: Swinging Strike
1-2: Ball
2-2: Foul Ball, location: 2F
2-2: SOLO HOME RUN (Flyball, 9D, EV 96.9 MPH), Distance : 361 ft
Batting: SHB Danny Jaworski 0-0: Foul Ball, location: 2F
0-1: Swinging Strike
0-2: Foul Ball, location: 2RF
0-2: Ball
1-2: Strikes out swinging
Batting: RHB Parker Sanburn Jr. 0-0: Ball
1-0: Swinging Strike
1-1: Ball
2-1: Fly out, F9 (Line Drive, 9, EV 87.5 MPH)
Bottom of the 3rd over - 1 run, 1 hit, 0 errors, 0 left on base; New Orleans 0 - Nashville 5
TOP OF THE 4TH
New Orleans Zephyrs batting - Pitching for Nashville Sounds : RHP Mario Rodriguez
Batting: RHB Justin McGuire 0-0: Ball
1-0: Swinging Strike
1-1: Foul Ball, location: 5F
1-2: Foul Ball, location: 2F
1-2: SOLO HOME RUN (Flyball, 8RXD, EV 104.4 MPH), Distance : 407 ft
Batting: RHB Willie Amaro 0-0: Ball
1-0: Ball
2-0: Foul Ball, location: 2F
2-1: Ball
3-1: Fly out, F8 (Line Drive, 8LM, EV 86.9 MPH)
Batting: RHB Josh Cole 0-0: Swinging Strike
0-1: Foul Ball, location: 5F
0-2: Ball
1-2: Strikes out swinging
Batting: LHB Jason Strong 0-0: Foul Ball, location: 5DF
0-1: Ball
1-1: Called Strike
1-2: Ball
2-2: Strikes out looking
Top of the 4th over - 1 run, 1 hit, 0 errors, 0 left on base; New Orleans 1 - Nashville 5
BOTTOM OF THE 4TH
Nashville Sounds batting - Pitching for New Orleans Zephyrs : LHP Jose Monreal
Pitching: RHP George Canup
Batting: SHB Aaron Champion 0-0: Ball
1-0: Called Strike
1-1: Ground out 6-3 (Groundball, 6, EV 81.9 MPH)
Batting: RHB Joe Crafts 0-0: Ball
1-0: Fly out, F6 (Popup, 4M, EV 56.3 MPH)
Batting: RHB Linhart Springer 0-0: Called Strike
0-1: Foul Ball, location: 9LSF
0-2: Ball
1-2: Ball
2-2: Fly out, F9 (Line Drive, 89D, EV 94.4 MPH)
Bottom of the 4th over - 0 runs, 0 hits, 0 errors, 0 left on base; New Orleans 1 - Nashville 5
TOP OF THE 5TH
New Orleans Zephyrs batting - Pitching for Nashville Sounds : RHP Mario Rodriguez
Batting: LHB Gareth Adams 0-0: Called Strike
0-1: Called Strike
0-2: Foul Ball, location: 2F
0-2: Ball
1-2: Foul Ball, location: 3DF
1-2: Foul Ball, location: 7LMF
1-2: Ball
2-2: Ball
3-2: Fly out, F8 (Flyball, 8LXD, EV 97.5 MPH)
Batting: RHB Jose Alegria 0-0: Ball
1-0: Fly out, F9 (Flyball, 9, EV 82.5 MPH)
Batting: RHB Tyler Ebert 0-0: Ball
1-0: Fly out, F9 (Line Drive, 9, EV 95.0 MPH)
Top of the 5th over - 0 runs, 0 hits, 0 errors, 0 left on base; New Orleans 1 - Nashville 5
BOTTOM OF THE 5TH
Nashville Sounds batting - Pitching for New Orleans Zephyrs : RHP George Canup
Batting: RHB Kyle Parrish 0-0: Swinging Strike
0-1: Foul Ball, location: 9LSF
0-2: Ball
1-2: Fly out, F8 (Flyball, 8LD, EV 93.8 MPH)
Batting: LHB Chris West 0-0: Called Strike
0-1: SINGLE (Line Drive, 7S, EV 96.3 MPH)
Batting: LHB Mike Lucas 0-0: Ball
Chris West steals 2nd base
1-0: Called Strike
1-1: Called Strike
1-2: Strikes out swinging
Batting: LHB Steve Tocci 0-0: Foul Ball, location: 5SF
0-1: Foul Ball, location: 3FF
0-2: Ball
1-2: Ball
2-2: SINGLE (Line Drive, 9S, EV 100.0 MPH)
Chris West to third
Runner from 3rd tries for Home, SAFE, throw by RF to home
Batting: SHB Danny Jaworski 0-0: Foul Ball, location: 23FF
0-1: Swinging Strike
0-2: Ball
1-2: Strikes out swinging
Bottom of the 5th over - 1 run, 2 hits, 0 errors, 1 left on base; New Orleans 1 - Nashville 6
TOP OF THE 6TH
New Orleans Zephyrs batting - Pitching for Nashville Sounds : RHP Mario Rodriguez
Batting: RHB Bobby Palomo 0-0: Swinging Strike
0-1: Ball
1-1: Swinging Strike
1-2: Ball
2-2: Ball
3-2: Base on Balls
Batting: LHB Moises Aguirre 0-0: Fly out, F7 (Flyball, 7S, EV 92.5 MPH)
Batting: RHB Justin McGuire 0-0: Ball
1-0: Called Strike
1-1: Foul Ball, location: 9LMF
1-2: Ground out 6-3 (Groundball, 6S, EV 71.3 MPH)
Bobby Palomo to second
Batting: RHB Willie Amaro 0-0: Ball
1-0: Called Strike
1-1: Foul Ball, location: 3F
1-2: Ball
2-2: Strikes out swinging
Top of the 6th over - 0 runs, 0 hits, 0 errors, 1 left on base; New Orleans 1 - Nashville 6
BOTTOM OF THE 6TH
Nashville Sounds batting - Pitching for New Orleans Zephyrs : RHP George Canup
Batting: RHB Parker Sanburn Jr. 0-0: Ball
1-0: Foul Ball, location: 25F
1-1: Ball
2-1: Fly out, F8 (Flyball, 89D, EV 100.6 MPH)
Batting: SHB Aaron Champion 0-0: Ball
1-0: Swinging Strike
1-1: Swinging Strike
1-2: Foul Ball, location: 7LMF
1-2: Strikes out swinging
Batting: RHB Joe Crafts 0-0: Ball
1-0: Foul Ball, location: 2F
1-1: Foul Ball, location: 9LDF
1-2: Foul Ball, location: 3F
1-2: Fly out, F9 (Flyball, 9, EV 95.0 MPH)
Bottom of the 6th over - 0 runs, 0 hits, 0 errors, 0 left on base; New Orleans 1 - Nashville 6
TOP OF THE 7TH
New Orleans Zephyrs batting - Pitching for Nashville Sounds : RHP Mario Rodriguez
Batting: RHB Josh Cole 0-0: Ball
1-0: Foul Ball, location: 9LMF
1-1: Ball
2-1: Fly out, F3 (Popup, 3F, EV 55.6 MPH)
Batting: LHB Jason Strong 0-0: Called Strike
0-1: Swinging Strike
0-2: Ground out 6-3 (Groundball, 6, EV 83.8 MPH)
Batting: LHB Gareth Adams 0-0: Ball
1-0: Foul Ball, location: 25F
1-1: Ball
2-1: Ball
3-1: Called Strike
3-2: Base on Balls
Batting: RHB Jose Alegria 0-0: Called Strike
0-1: Foul Ball, location: 23FF
0-2: Ball
1-2: Strikes out swinging
Top of the 7th over - 0 runs, 0 hits, 0 errors, 1 left on base; New Orleans 1 - Nashville 6
BOTTOM OF THE 7TH
Nashville Sounds batting - Pitching for New Orleans Zephyrs : RHP George Canup
Batting: RHB Linhart Springer 0-0: Ball
1-0: Swinging Strike
1-1: Swinging Strike
1-2: Strikes out swinging
Batting: RHB Kyle Parrish 0-0: Called Strike
0-1: Foul Ball, location: 3FF
0-2: Strikes out swinging
Batting: LHB Chris West 0-0: Swinging Strike
0-1: Ball
1-1: Foul Ball, location: 3F
1-2: Foul Ball, location: 7LMF
1-2: Ground out U3 (Groundball, 3L, EV 83.1 MPH)
Bottom of the 7th over - 0 runs, 0 hits, 0 errors, 0 left on base; New Orleans 1 - Nashville 6
TOP OF THE 8TH
New Orleans Zephyrs batting - Pitching for Nashville Sounds : RHP Mario Rodriguez
Batting: RHB Tyler Ebert 0-0: Ball
1-0: Ground out 5-3 (Groundball, 56, EV 108.1 MPH)
Batting: RHB Bobby Palomo 0-0: Ground out 5-3 (Groundball, 56, EV 84.4 MPH)
Batting: LHB Moises Aguirre 0-0: Fly out, F3 (Popup, 23F, EV 86.9 MPH)
Top of the 8th over - 0 runs, 0 hits, 0 errors, 0 left on base; New Orleans 1 - Nashville 6
BOTTOM OF THE 8TH
Nashville Sounds batting - Pitching for New Orleans Zephyrs : RHP George Canup
Batting: LHB Mike Lucas 0-0: Ball
1-0: Ball
2-0: Called Strike
2-1: Foul Ball, location: 5SF
2-2: Ball
3-2: Base on Balls
Pitching: LHP Sal Gomez
Batting: LHB Steve Tocci 0-0: Ball
1-0: Called Strike
1-1: Ball
2-1: Called Strike
2-2: Ball
3-2: Foul Ball, location: 2F
3-2: Base on Balls
Mike Lucas to second
Batting: SHB Danny Jaworski 0-0: Ball
1-0: Called Strike
1-1: Grounds into double play, 4-6-3 (Groundball, 4M, EV 96.9 MPH)
Mike Lucas to third
Batting: RHB Parker Sanburn Jr. 0-0: Foul Ball, location: 5SF
0-1: Swinging Strike
0-2: Ball
1-2: Strikes out swinging
Bottom of the 8th over - 0 runs, 0 hits, 0 errors, 1 left on base; New Orleans 1 - Nashville 6
TOP OF THE 9TH
New Orleans Zephyrs batting - Pitching for Nashville Sounds : RHP Mario Rodriguez
Batting: RHB Justin McGuire 0-0: Called Strike
0-1: Foul Ball, location: 9LMF
0-2: Ground out 4-3 (Groundball, 4S, EV 63.8 MPH)
Batting: RHB Willie Amaro 0-0: Fly out, F1 (Popup, 13, EV 63.8 MPH)
Batting: RHB Josh Cole 0-0: Called Strike
0-1: Ball
1-1: Foul Ball, location: 2F
1-2: Foul Ball, location: 7LDF
1-2: Fly out, F8 (Flyball, 8LS, EV 94.4 MPH)
Top of the 9th over - 0 runs, 0 hits, 0 errors, 0 left on base; New Orleans 1 - Nashville 6
Saturday, April 13th , 2024 - OOTP Baseball 24.11 Build 85